 Dungeon Crawl Stone Soup version 0.19.0-9-gfd783f2 (webtiles) character file.

25 mistymad the Ruffian (level 3, -4/31 HPs)
             Began as a Naga Transmuter on Nov 7, 2016.
             Slain by a gnoll
             ... wielding a +1 spear of piercing
              (7 damage)
             ... on level 2 of the Dungeon.
             The game lasted 00:02:51 (1531 turns).

mistymad the Ruffian (Naga Transmuter)              Turns: 1531, Time: 00:02:52

Health: -4/31      AC:  2    Str: 12    XL:     3   Next: 6%
Magic:  3/6        EV: 10    Int: 14    God:
Gold:   65         SH:  0    Dex: 11    Spells: 2 memorised, 3 levels left

rFire  . . .     SeeInvis +       - Unarmed
rCold  . . .     Gourm    .     b - +0 robe
rNeg   . . .     Faith    .     (no shield)
rPois  +         Spirit   .     (no helmet)
rElec  .         Reflect  .     (no cloak)
rCorr  .         Harm     .     (no gloves)
MR     .....                    (no barding)
Stlth  +.........               (no amulet)
                                (no ring)
                                (no ring)

@: appendage (expiring), very slightly contaminated, very slow
A: horns 2, see invisible, deformed body, poison resistance, slowness 2, slow
metabolism 1, spit poison 1, AC +1
a: Spit Poison, End Transformation


You were on level 2 of the Dungeon.
You were not hungry.
You had grown temporary horns.
You visited 1 branch of the dungeon, and saw 2 of its levels.

You collected 65 gold pieces.

Inventory:

Missiles
 a - 64 arrows
Armour
 b - a +0 robe (worn)
Scrolls
 g - a scroll of enchant armour {unknown}
 i - a scroll of teleportation {unknown}
 j - a scroll of fear {unknown}
 k - a scroll of identify {unknown}
 l - a scroll of remove curse {unknown}
Potions
 e - a potion of ambrosia {unknown}
 h - 2 potions of heal wounds {unknown}
Books
 c - a book of Changes

   Spells                             Type                      Level
   a - Beastly Appendage              Transmutation                1
   b - Sticks to Snakes               Transmutation                2
   c - Spider Form                    Transmutation/Poison         3
   d - Ice Form                       Ice/Transmutation            4
   e - Blade Hands                    Transmutation                5
Comestibles
 d - a bread ration
 f - 3 chunks of flesh


   Skills:
 - Level 1.0 Fighting
 - Level 1.5 Dodging
 + Level 3.3 Unarmed Combat
 + Level 2.4 Spellcasting
 + Level 2.6 Transmutations


You had 3 spell levels left.
You knew the following spells:

 Your Spells              Type           Power        Failure   Level  Hunger
a - Beastly Appendage     Tmut           #.....       10%         1    #......
b - Sticks to Snakes      Tmut           #.......     14%         2    ###....


Dungeon Overview and Level Annotations

Branches:
Dungeon (2/15)

Altars:


Innate Abilities, Weirdness & Mutations

You cannot wear boots.
Your serpentine skin is tough. (AC +1)
You have supernaturally acute eyesight. (SInv)
Armour fits poorly on your strangely shaped body.
Your system is resistant to poisons. (rPois)
You cover ground very slowly.
You have a slow metabolism.
You can spit poison.
You have a pair of horns on your head.


Message History

You barely miss the gnoll.
The gnoll is moderately wounded.
Your transformation is almost over.
The gnoll hits you with a spear of piercing!
* * * LOW HITPOINT WARNING * * *
x2 You take 7 damage, and have 8/31 hp.
MASSIVE DAMAGE!!
Casting: Beastly Appendage
Confirm with . or Enter, or press ? or * to list all spells.
You don't know that spell.
You have got your breath back.
The gnoll hits you from afar with a spear of piercing.
* * * LOW HITPOINT WARNING * * *
x2 You take 5 damage, and have 3/31 hp.
Unknown command.
Casting: Beastly Appendage
Confirm with . or Enter, or press ? or * to list all spells.
You miscast Sticks to Snakes.
The air around you crackles with energy!
The gnoll hits you from afar with a spear of piercing!
You die...

.##. #..###.# #....#r
...####..##.###....8#
............(#......
#................#.#
##................#..
#...................#
#................#...
#.....(...........))<
#...@.g.......<.....#
#.................##..
#......................
#.................#####
....##.....#......#####.
.... #######.#..........
... ............## ..
.....###......#. ...###
#......#.


You could see a gnoll.

Vanquished Creatures
  3 bats
  2 giant cockroaches (D:1)
  4 hobgoblins
  2 jackals (D:1)
  2 frilled lizards
  3 goblins
  4 kobolds (D:1)
  2 rats (D:1)
22 creatures vanquished.

Notes
Turn   | Place    | Note
-------+----------+-------------------------------------------
     0 | D:1      | mistymad the Naga Transmuter began the quest for the Orb.
     0 | D:1      | Reached XP level 1. HP: 18/18 MP: 3/3
   275 | D:1      | Reached XP level 2. HP: 20/25 MP: 5/5
   993 | D:1      | Learned a level 2 spell: Sticks to Snakes
  1360 | D:2      | Reached XP level 3. HP: 31/31 MP: 4/6
  1531 | D:2      | Slain by a gnoll

Action                   || total
-------------------------++-------
Melee: Unarmed           ||    52
       Headbutt          ||     5
 Cast: Beastly Appendage ||     9
       Sticks to Snakes  ||     1
 Abil: Spit Poison       ||    20
  Eat: Chunk             ||     3
Armor: Robe              ||     5
Dodge: Dodged            ||    26
